 Dungeon Crawl Stone Soup version 0.29-a0-221-gceb61267dd (webtiles) character file.

Game seed: 18064654171930027254

1553 avis the Cleaver (level 8, 0/78 HPs)
             Began as a Hill Orc Monk on Feb 26, 2022.
             Was a Believer of Beogh.
             Slain by an orc warrior
             ... wielding a +0 mace
              (15 damage)
             ... on level 6 of the Dungeon on Feb 27, 2022.
             The game lasted 00:36:45 (7195 turns).

avis the Cleaver (Hill Orc Monk)                    Turns: 7195, Time: 00:36:46

Health: 0/78       AC: 11    Str: 28    XL:     8   Next: 88%
Magic:  2/2        EV:  9    Int: 10    God:    Beogh [**....]
Gold:   561        SH:  5    Dex: 13    Spells: 7/7 levels left

rFire   . . .      SeeInvis .   a - +3 hand axe (antimagic)
rCold   . . .      Faith    .   (no shield)
rNeg    . . .      Spirit   .   r - +0 chain mail
rPois   .          Reflect  +   B - +0 helmet
rElec   .          Harm     .   C - +0 cloak
rCorr   .          Rampage  .   q - +0 pair of gloves
Will    .....                   (no boots)
Stlth   ..........              g - amulet of reflection
HPRegen 0.23/turn               h - +6 ring of strength
MPRegen 0.08/turn               O - +6 ring of strength

@: no status effects
A: no striking features
a: Renounce Religion, Smiting


You were on level 6 of the Dungeon.
You worshipped Beogh.
Beogh was pleased with you.
You visited 2 branches of the dungeon, and saw 7 of its levels.
You also visited: Ossuary.

You collected 561 gold pieces.

Inventory:

Hand Weapons
 a - a +3 antimagic hand axe (weapon)
 b - a +0 hunting sling
 f - a +0 shortbow
 w - a +0 flail
Missiles
 e - 225 stones
 n - a javelin (quivered)
 s - 5 silver boomerangs
 F - 5 poisoned darts
 G - 2 boomerangs
 R - 5 boomerangs of dispersal
Armour
 q - a +0 pair of gloves (worn)
 r - a +0 chain mail (worn)
 A - a +0 chain mail
 B - a +0 helmet (worn)
 C - a +0 cloak (worn)
Jewellery
 g - an amulet of reflection (around neck)
 h - a +6 ring of strength (left hand)
 y - a ring of see invisible
 H - a ring of poison resistance
 O - a +6 ring of strength (right hand)
Wands
 D - a wand of mindburst (10)
Scrolls
 d - a scroll of silence {unknown}
 i - a scroll of amnesia {unknown}
 k - 2 scrolls of noise
 l - 3 scrolls of enchant armour {unknown}
 m - a scroll of magic mapping {unknown}
 p - 3 scrolls of teleportation
 u - a scroll of enchant weapon {unknown}
 E - 2 scrolls of acquirement {unknown}
 I - 2 scrolls of fog {unknown}
 K - 2 scrolls of identify
 L - 2 scrolls of summoning {unknown}
Potions
 c - 2 potions of might
 j - 3 potions of heal wounds
 o - 6 potions of curing
 t - a potion of attraction {unknown}
 v - 2 potions of haste {unknown}
 x - a potion of lignification {unknown}
 z - 2 potions of brilliance {unknown}
 J - a potion of berserk rage {unknown}
 M - a potion of invisibility {unknown}
 N - 3 potions of ambrosia {unknown}
 T - 2 potions of resistance {unknown}


   Skills:
 * Level 9.2 Fighting
 - Level 11.0 Axes
 - Level 1.0 Armour
 - Level 3.0 Dodging
 - Level 1.5 Stealth


You had 7 spell levels left.
You didn't know any spells.
Your spell library contained the following spells:

 Spells                   Type           Power      Damage    Failure   Level
 Foxfire                  Conj/Fire      0%         2x1d4     93%         1
 Conjure Flame            Conj/Fire      0%         6-21      100%        3
 Gell's Gravitas          Tloc           0%         N/A       100%        3
 Inner Flame              Hex/Fire       0%         N/A       100%        3
 Teleport Other           Tloc           0%         N/A       100%        3
 Flame Wave               Conj/Fire      0%         2d4       100%        4
 Dispersal                Tloc           0%         N/A       100%        6


Dungeon Overview and Level Annotations

Branches:
Dungeon (6/15)             Temple (1/1) D:5         Ossuary (visited)

Altars:
Ashenzari
Cheibriados
Dithmenos
Elyvilon
Fedhas
Gozag
Hepliaklqana
Kikubaaqudgha
Makhleb
Nemelex Xobeh
Okawaru
Qazlal
Ru
Sif Muna
Trog
Uskayaw
Wu Jian
Xom
Yredelemnul
Zin
The Shining One

Annotations:
D:4 3 runed translucent doors, Hubris850's ghost, amateur GrEE


Message History

Your Axes skill increases to level 11!
You need to enable at least one skill for training.
Throw: 2 boomerangs
Press: ? - help, Q - select action, (/) - cycle Shift-Dir - straight line, f - jelly, p - orc
Aim: a jelly (almost dead, 90% to hit)
You throw a boomerang. The boomerang hits the jelly.
You kill the jelly!
Beogh accepts your kill.
Throw: 2 javelins
Press: ? - help, Q - select action, (/) - cycle Shift-Dir - straight line, f - orc warrior
Aim: an orc warrior, wielding a +0 mace and wearing a +0 plate armour (lightly wounded, 62% to hit)
You throw a javelin.
The javelin pierces through the orc warrior.
The orc warrior is moderately wounded.
The javelin pierces through the orc!
You kill the orc!
Beogh accepts your kill.
The javelin pierces through the orc!
You kill the orc!
Beogh accepts your kill.
You hit the orc warrior but do no damage.
The orc warrior is moderately wounded.
The orc warrior hits you with a +0 mace!
* * * LOW HITPOINT WARNING * * *
You hit the orc warrior but do no damage.
The orc warrior is moderately wounded.
The orc warrior hits you with a +0 mace.
* * * LOW HITPOINT WARNING * * *
You barely miss the orc warrior.
The orc warrior is moderately wounded.
You hit the orc warrior.
The orc warrior is heavily wounded.
The orc warrior barely misses you.
You barely miss the orc warrior.
The orc warrior is heavily wounded.
The orc warrior hits you but does no damage.
You hit the orc warrior but do no damage.
The orc warrior is heavily wounded.
The orc warrior hits you with a +0 mace!
You die...

###.# #...... # #.# .
#.#..# # . #.#
.###..#.##.##... #.#
...............# #.#
.##...#.#..#.... ###.####
#..#.[)..# .
.......######### ##..oo...#
####...........#####.####.#
#...#######..@oo))..(#.#
##.## #######.##.#.# ##.#
#.# #.# #..# #.. #.## ..#.
##.##### ###.. #......# ..
#..###.# .## #..###.#


You could see an orc warrior and an orc.

Vanquished Creatures
  2 water moccasins
  2 black bears
  A necrophage (D:5)
  3 ogres
  A centaur (D:5)
  A phantom (D:5)
  A bullfrog (D:6)
  A scorpion (D:6)
  2 jellies
  3 hounds
  2 iguanas
  8 mummies (Ossuary)
  Robin (D:3)
  3 gnolls (D:4)
  6 adders
  An ufetubus (D:5)
  2 worms (D:2)
  4 dart slugs
  10 orcs
  11 ball pythons
  4 endoplasms
  7 giant cockroaches
  A gnoll zombie (Ossuary)
  23 goblins
  10 hobgoblins
  6 quokkas
  5 bats
  4 frilled lizards
  A hobgoblin zombie (Ossuary)
  7 kobolds
  3 kobold zombies (Ossuary)
  3 orc zombies (Ossuary)
  7 rats
146 creatures vanquished.

Vanquished Creatures (others)
  An orc priest (D:6)
  An orc (D:6)
  2 plants (D:2)
4 creatures vanquished.

Grand Total: 150 creatures vanquished

Notes
Turn   | Place    | Note
-------+----------+-------------------------------------------
     0 | D:1      | avis the Hill Orc Monk began the quest for the Orb.
     0 | D:1      | Reached XP level 1. HP: 19/19 MP: 1/1
    83 | D:1      | Found a faded altar of an unknown god.
   320 | D:1      | Reached XP level 2. HP: 24/27 MP: 2/2
   703 | D:1      | Reached XP level 3. HP: 33/35 MP: 3/3
   872 | D:1      | Reached skill level 5 in Fighting
  1399 | D:2      | Reached skill level 5 in Axes
  1489 | D:2      | Reached XP level 4. HP: 42/42 MP: 4/4
  1524 | D:2      | Reached skill level 1 in Armour
  2272 | D:3      | You fall into a shaft and drop 1 floor!
  2276 | D:4      | Noticed a black bear
  2357 | D:3      | Noticed Robin
  2360 | D:3      | Noticed a water moccasin
  2384 | D:3      | Killed a water moccasin
  2385 | D:3      | Reached skill level 6 in Axes
  2385 | D:3      | Reached XP level 5. HP: 30/48 MP: 5/5
  2389 | D:3      | Killed Robin
  2390 | D:3      | Reached skill level 7 in Axes
  2390 | D:3      | Reached XP level 6. HP: 31/56 MP: 6/6
  3861 | D:3      | Killed a black bear
  3862 | D:3      | Reached skill level 8 in Axes
  3862 | D:3      | Reached XP level 7. HP: 8/64 MP: 7/7
  4504 | D:4      | Found a runed translucent gate.
  4505 | D:4      | Found a runed translucent gate.
  4506 | D:4      | Found a runed translucent gate.
  4507 | D:4      | Noticed Hubris850's ghost (amateur GrEE)
  4684 | D:4      | Found a bloodstained altar of Trog.
  4890 | D:5      | Entered Level 5 of the Dungeon
  5015 | D:5      | Reached skill level 9 in Axes
  5076 | D:5      | Found a staircase to the Ecumenical Temple.
  5085 | Temple   | Entered the Ecumenical Temple
  5454 | D:5      | Reached XP level 8. HP: 68/74 MP: 2/8
  5669 | D:5      | Reached skill level 10 in Axes
  6252 | D:6      | Found a sand-covered staircase.
  6257 | Ossuary  | Entered an ossuary
  7161 | D:6      | Became a worshipper of Beogh the Brigand
  7161 | D:6      | Reached * piety under Beogh
  7161 | D:6      | Reached ** piety under Beogh
  7188 | D:6      | Reached skill level 11 in Axes
  7195 | D:6      | Slain by an orc warrior

Illustrated notes

Levels and vault maps discovered:
D:1:      saegor_arrival_simple_d, layout_basic,
          ebering_ecumenical_altar_sacrificial
D:2:      minmay_alternating_diamond, layout_loops_cross, serial_forest,
          infiniplex_forest_clump_diagonal, infiniplex_forest_end_2,
          infiniplex_forest_straight_4, infiniplex_forest_clump_medium,
          infiniplex_forest_clump_curved
D:3:      kennysheep_six_static_rooms, layout_loops_ring, minivault_25,
          chequers_serial_rivers_small_b, roderic_serpentine_path,
          grunt_ministairs_15, uniq_robin
D:4:      layout_rooms, trog_antimagical, gammafunk_ghost_necromancy
D:5:      layout_rooms, minmay_temple_entry_trees
D:6:      layout_loops_cross, enter_ossuary_2, chequers_serial_rivers_micro_a,
          hangedman_abyss_or_decor_lesser_grid
Temple:   mainiacjoe_temple_cubbyholes

Skill      XL: |  1  2  3  4  5  6  7  8 |
---------------+-------------------------+-----
Fighting       | 4 5 6 8 9 |  9.2
Axes           | 5 6 7 8 9 11 | 11.0
Armour         | 1 |  1.0
Dodging        | 3 |  3.0
Stealth        | |  1.5

Action                   |  1- 3 |  4- 6 |  7- 9 || total
-------------------------+-------+-------+-------++-------
Melee: Hand axe          |   129 |   188 |   172 ||   489
       Punch             |       |     1 |     3 ||     4
 Fire: Hunting sling     |       |     3 |    92 ||    95
Throw: Javelin           |     3 |       |     1 ||     4
       Dart              |       |     6 |     4 ||    10
       Boomerang         |       |       |     1 ||     1
Invok: Convert to Beogh  |       |       |     1 ||     1
Evoke: Wand              |       |     1 |       ||     1
  Use: Scroll            |       |     5 |     2 ||     7
       Potion            |       |       |     1 ||     1
 Stab: Sleeping          |     3 |       |       ||     3
Armor: Robe              |    16 |       |       ||    16
       Leather armour    |     2 |       |       ||     2
       Chain mail        |    16 |    96 |    69 ||   181
       Scale mail        |     4 |       |       ||     4
Dodge: Dodged            |    48 |    77 |    64 ||   189
Block: Other             |    22 |    44 |    45 ||   111
       Reflection        |     1 |       |       ||     1

Table legend: (Time is in decaauts)
 A = Elapsed time spent in this place.
 B = Non-inter-level travel time spent in this place.
 C = Inter-level travel time spent in this place.
 D = Time resting spent in this place.
 E = Time spent auto-exploring this place.
 F = Levels seen in this place.
 G = Mean time per level.
                   A        B        C        D        E       F      G
               +--------+--------+--------+--------+--------+-----+--------+
         Total |   7234 |   6693 |    541 |   1665 |   3240 |   8 |  904.2 |
       Dungeon |   6147 |   5658 |    489 |   1220 |   2954 |   6 | 1024.5 |
        Temple |    353 |    301 |     52 |      0 |    286 |   1 |  353.0 |
       Ossuary |    733 |    733 |      0 |    445 |      0 |   1 |  733.0 |
               +--------+--------+--------+--------+--------+-----+--------+

Top non-repeatable levels by time:
     D:3: 1814 daAuts
     D:2: 1169 daAuts
     D:1: 1063 daAuts
     D:4: 941 daAuts
     D:5: 901 daAuts
 Ossuary: 733 daAuts
  Temple: 353 daAuts
     D:6: 257 daAuts
